 Dungeon Crawl Stone Soup version 0.23-a0-730-g0b75920 (webtiles) character file.

67 Lavandula the Vandal (level 4, -2/27 HPs)
             Began as a Halfling Arcane Marksman on Jan 17, 2019.
             Was an Initiate of Ashenzari.
             Slain by a mummy (18 damage)
             ... in an ossuary.
             The game lasted 00:05:46 (986 turns).

Lavandula the Vandal (Halfling Arcane Marksman)      Turns: 986, Time: 00:05:47

Health: -2/27      AC:  2    Str: 12    XL:     4   Next: 40%
Magic:  5/5        EV: 15    Int: 11    God:    Ashenzari [......]
Gold:   62         SH:  0    Dex: 14    Spells: 4/5 levels left

rFire    . . .     SeeInvis .   a - +0 hunting sling
rCold    . . .     Gourm    .   (shield restricted)
rNeg     . . .     Faith    .   e - +0 robe
rPois    .         Spirit   .   (no helmet)
rElec    .         Reflect  .   (no cloak)
rCorr    .         Harm     .   (no gloves)
MR       .....                  (no boots)
Stlth    +.........             (no amulet)
HPRegen  0.09/turn              (no ring)
MPRegen  0.09/turn              (no ring)

@: no status effects
A: small, mutation resistance 1
a: Curse Item, Renounce Religion


You were in an ossuary.
You worshipped Ashenzari.
Ashenzari was noncommittal.
You were not hungry.

You visited 1 branch of the dungeon, and saw 4 of its levels.
You also visited: Ossuary.

You collected 62 gold pieces.

Inventory:

Hand Weapons
 a - a +0 hunting sling (weapon)
 b - a +0 dagger
 m - a +2 spear of venom
Missiles
 h - 24 stones (quivered)
Armour
 e - a +0 robe (worn)
Scrolls
 k - a scroll of identify
 l - a scroll of teleportation
Potions
 i - a potion of curing
Comestibles
 f - 5 rations


   Skills:
 - Level 0.8 Fighting
 - Level 1.6 Polearms
 + Level 5.5 Slings
 - Level 2.1 Dodging
 - Level 1.0 Spellcasting
 - Level 2.4 Hexes


You had 4 spell levels left.
You knew the following spells:

 Your Spells              Type           Power        Failure   Level  Hunger
a - Corona                Hex            #......      12%         1    ##.....

Your spell library contained the following spells:

 Spells                   Type           Power        Failure   Level  Hunger
 Slow                     Hex            #.......     19%         2    ###....
 Inner Flame              Hex/Fire       #.......     52%         3    ####...
 Portal Projectile        Hex/Tloc       #.....       52%         3    ####...
 Cause Fear               Hex            #.........   77%         4    #####..
 Leda's Liquefaction      Hex/Erth       #.........   89%         4    #####..


Dungeon Overview and Level Annotations

Branches:
Dungeon (4/15)
 Temple: D:4-7

Altars:
Ashenzari
Nemelex Xobeh
Trog
Vehumet


Innate Abilities, Weirdness & Mutations

You are small and have problems with some larger weapons.
You are somewhat resistant to further mutation.


Message History

The mummy is moderately damaged.
The mummy closely misses you.
Unknown command.
Unknown command.
Firing (i - inventory)
h - 26 stones (quivered)
Press: ? - help, Shift-Dir - straight line, f - mummy
Aim: a mummy (moderately damaged)
You shoot a stone. The stone hits the mummy.
The mummy is severely damaged.
The mummy hits you!
Unknown command.
Firing (i - inventory)
h - 25 stones (quivered)
Press: ? - help, Shift-Dir - straight line, f/p - mummy
Aim: a mummy (severely damaged)
You shoot a stone. The stone hits the mummy.
The mummy is almost destroyed.
The hobgoblin zombie hits you but does no damage.
The mummy hits you!!
Ouch! That really hurt!
You die...

..((....
..(...
#....#
#((..#
#((.(#
#.(..#
#.(..#
#.Z..#
#@MM.#
#....#
#.∩∩.#
######


You could see 2 mummies and a hobgoblin zombie.

Vanquished Creatures
  A human skeleton (D:4)
  An ooze (D:2)
  A leopard gecko (D:2)
  2 ball pythons
  A giant cockroach (D:1)
  A gnoll zombie (Ossuary)
  3 goblins
  4 hobgoblins
  4 jackals (D:2)
  3 bats
  5 frilled lizards
  A hobgoblin zombie (Ossuary)
  3 kobolds
  2 kobold zombies (Ossuary)
  An orc zombie (Ossuary)
  3 rats (D:2)
36 creatures vanquished.

Notes
Turn   | Place    | Note
-------+----------+-------------------------------------------
     0 | D:1      | Lavandula the Halfling Arcane Marksman began the quest for
                  | the Orb.
     0 | D:1      | Reached XP level 1. HP: 12/12 MP: 2/2
   101 | D:1      | Reached XP level 2. HP: 18/18 MP: 3/3
   104 | D:1      | Reached skill level 4 in Slings
   283 | D:2      | Found a shattered altar of Ashenzari.
   283 | D:2      | Found a bloodstained altar of Trog.
   295 | D:2      | Reached skill level 5 in Slings
   295 | D:2      | Reached XP level 3. HP: 22/22 MP: 4/4
   322 | D:2      | Found a sparkling altar of Nemelex Xobeh.
   356 | D:2      | Found a radiant altar of Vehumet.
   366 | D:2      | Became a worshipper of Ashenzari the Shackled
   648 | D:4      | Reached skill level 1 in Polearms
   648 | D:4      | Reached XP level 4. HP: 5/27 MP: 3/5
   658 | D:4      | Found a sand-covered staircase.
   694 | Ossuary  | Entered an ossuary
   986 | Ossuary  | Slain by a mummy

Vault maps used:
D:1:      erik_arrival_triangle_large
D:2:      grunt_temple_overflow_open
D:3:      kennysheep_generic_room_12, uniq_sigmund, uniq_crazy_yiuf_cottage
D:4:      kennysheep_vampire_church, nicolae_ossuary_entry_catacombs,
          first_ration
Ossuary:  ossuary_tomb_3

Skill      XL: |  1  2  3 |
---------------+----------+-----
Slings         | 5 |  5.5
Polearms       | 1 |  1.6
Fighting       | |  0.8
Dodging        | |  2.1
Spellcasting   | |  1.0
Hexes          | |  2.4

Action                   |  1- 3 |  4- 6 || total
-------------------------+-------+-------++-------
Melee: Spear             |     2 |     2 ||     4
 Fire: Hunting sling     |    89 |    45 ||   134
 Cast: Corona            |     2 |       ||     2
  Use: Potion            |       |     3 ||     3
       Scroll            |       |     2 ||     2
Armor: Robe              |     8 |     1 ||     9
       Skin              |       |    11 ||    11
Dodge: Dodged            |    33 |     4 ||    37

Table legend:
 A = Non-vault XP
 B = Vault XP
 C = Vault XP percentage of total XP
 D = Non-vault monster count
 E = Vault monster count
 F = Vault count percentage of total count
                 A         B        C        D         E       F
            +---------+---------+-------+---------+---------+-------
      Total |      52 |      45 |  46.4 |      30 |       6 |  16.7
            +---------+---------+-------+---------+---------+-------
        D:1 |      13 |       0 |   0.0 |       8 |       0 |   0.0
        D:2 |      39 |       0 |   0.0 |      22 |       0 |   0.0
        D:4 |       0 |      39 | 100.0 |       0 |       1 | 100.0
    Ossuary |       0 |       6 | 100.0 |       0 |       5 | 100.0
            +---------+---------+-------+---------+---------+-------
